 Dungeon Crawl Stone Soup version 0.30.1-4-g462c640d31 (webtiles) character file.

Game seed: 14148242250827601444

28 growler the Magician (level 3, -2/25 HPs)
             Began as a Djinni Fire Elementalist on Aug 15, 2023.
             Slain by Crazy Yiuf
             ... wielding a +2 quarterstaff of chaos
              (12 damage)
             ... on level 2 of the Dungeon.
             The game lasted 00:03:02 (1313 turns).

growler the Magician (Djinni Fire Elementalist)     Turns: 1313, Time: 00:03:03

Health: -2/25      AC:  3    Str:  7    XL:     3   Next: 30%
Gold:   156        EV: 12    Int: 18    God:
                   SH:  5    Dex: 13

rFire   + + .        g - +2 dagger (speed)
rCold   x . .        (no shield)
rNeg    . . .        a - +0 robe
rPois   ∞            (no helmet)
rElec   .            l - +0 cloak
rCorr   .            (no gloves)
SInv    .            (boots unavailable)
Will    .....        i - amulet of reflection
Stlth   ++           (no ring)
HPRegen 0.24/turn    (no ring)
MPRegen 0.00/turn

%: reflection, infuse magic (-3 HP)
@: flying
A: sickness immunity, fire resistance 2, cold vulnerability 1, float, innate
caster, HP casting, extra vitality 1
a: no special abilities


You were on level 2 of the Dungeon.
You visited 1 branch of the dungeon, and saw 2 of its levels.

You collected 156 gold pieces.

Inventory:

Hand Weapons
 f - a +3 dagger
 g - a +2 dagger of speed (weapon)
Armour
 a - a +0 robe (worn)
 l - a +0 cloak (worn)
Jewellery
 i - an amulet of reflection (around neck)
Scrolls
 b - a scroll of brand weapon {unknown}
 d - 2 scrolls of identify {unknown}
 h - a scroll of enchant armour {unknown}
 k - 2 scrolls of poison {unknown}
 m - 2 scrolls of enchant weapon {unknown}
 o - a scroll of teleportation {unknown}
Potions
 c - 2 potions of heal wounds {unknown}
 e - a potion of degeneration {unknown}
 j - a potion of mutation {unknown}
 n - a potion of brilliance {unknown}


   Skills:
 - Level 2.4 Dodging
 - Level 1.8 Stealth
 + Level 3.1 Spellcasting


You knew the following spells:

 Your Spells              Type           Power      Damage    Failure   Level
a - Foxfire               Conj/Fire      56%        2x1d6     4%          1
b - Scorch                Fire           28%        2d6       7%          2
c - Volatile Blastmotes   Fire/Tloc      28%        2d12      14%         3
d - Inner Flame           Hex/Fire       14%        N/A       14%         3
e - Flame Wave            Conj/Fire      14%        2d6       41%         4
f - Summon Small Mammal   Summ           56%        N/A       4%          1
Your spell library was empty.

Dungeon Overview and Level Annotations

Branches:
Dungeon (2/15)

Altars:

Annotations:
D:2 Crazy Yiuf


Innate Abilities, Weirdness & Mutations

You are immune to sickness and miasma.
You are immune to poison.
Your flesh is very heat resistant. (rF++)
You are vulnerable to cold. (rC-)
You float through the air rather than walking.
You learn spells naturally, not from books.
Your magical power is your life essence.
You have superior vitality. (+4 MHP)


Message History

There is an escape hatch in the floor here.
You see here 8 stones.
There is a large open door here.
There is a large open door here.
Partly explored, can't reach some places.
Partly explored, can't reach some places.
You hit the bush.
The bush is lightly damaged.
You hit the fungus.
The fungus begins to die.
The fungus is lightly damaged.
You hit the bush.
The bush is lightly damaged.
A nearby fungus withers and dies.
Found a hammer.
Found a runed translucent door.
You reach down and open the door.
Casting: Foxfire (safe; 4% risk of failure)
Confirm with . or Enter, or press ? or * to list all spells.
You can't see any susceptible monsters within range! (Use Z to cast anyway.) Unknown command.
There is an open translucent door here.
Casting: Foxfire (safe; 4% risk of failure)
Confirm with . or Enter, or press ? or * to list all spells.
Flames lash Crazy Yiuf but do no damage.
Casting: Scorch (safe; 7% risk of failure)
Confirm with . or Enter, or press ? or * to list all spells.
You miscast Foxfire.
You are very lightly contaminated with residual magic.
Nothing appears to happen.
Crazy Yiuf says, "Paint!
Cards seventy cloud."
Crazy Yiuf cries, "Goober snail bush!"
Crazy Yiuf attacks as you move away! Crazy Yiuf closely misses you.
Crazy Yiuf attacks as you move away!
Crazy Yiuf hits you with a +2 quarterstaff of chaos!
Crazy Yiuf attacks as you move away! Crazy Yiuf misses you.
Crazy Yiuf attacks as you move away!
Crazy Yiuf hits you with a +2 quarterstaff of chaos.
Your magical contamination has completely faded away.
Crazy Yiuf attacks as you move away!
Crazy Yiuf hits you with a +2 quarterstaff of chaos!
You die...

###########
#.........#
#####.######.###
##.....# #.##.
#####
##..#.########.#..
....# ######
##...#........#....
###.# #....#
#....####.....###..
..#.####....#
#....# #.....###).
......##....#
♣P@♣P♣ #.......#..
.##....+....#
♣gPP♣♣ ###'###....
.#.....#....# ♣♣.♣♣
###.#####.#
.#.#........# ♣.♣♣
#..........
.#.#.##....## ♣♣.♣
###########
.........### ♣.♣♣
...####..# ♣♣.♣
.........# #'# #
...####.)## #...#
###


You could see Crazy Yiuf.

Vanquished Creatures
  A worm (D:2)
  A dart slug (D:1)
  2 ball pythons
  2 bats
  4 endoplasms
  A giant cockroach (D:1)
  3 goblins
  A quokka (D:2)
  A frilled lizard (D:1)
  6 kobolds
22 creatures vanquished.

Vanquished Creatures (others)
  38 foxfires
38 creatures vanquished.

Grand Total: 60 creatures vanquished

Notes
Turn   | Place    | Note
-------+----------+-------------------------------------------
     0 | D:1      | growler the Djinni Fire Elementalist began the quest for
                  | the Orb.
     0 | D:1      | growler set off with the following spells memorised:
                  | Foxfire, Scorch, Volatile Blastmotes, Inner Flame, Flame
                  | Wave.
     0 | D:1      | Reached XP level 1. HP: 15/15 MP: 0/0
   132 | D:1      | Found a faded altar of an unknown god.
   251 | D:1      | Reached XP level 2. HP: 19/21 MP: 0/0
   819 | D:2      | Reached XP level 3. HP: 25/25 MP: 0/0
   819 | D:2      | Learned a level 1 spell: Summon Small Mammal
   831 | D:2      | Reached skill level 3 in Spellcasting
  1298 | D:2      | Found a runed translucent door.
  1299 | D:2      | Noticed Crazy Yiuf
  1313 | D:2      | Slain by Crazy Yiuf

Illustrated notes

Levels and vault maps discovered:
D:1:      tarquinn_simple_flora_water_f, layout_rooms,
          hellmonk_ecumenical_altar_crossroads
D:2:      layout_basic, uniq_crazy_yiuf_cottage

Skill      XL: |  1  2  3 |
---------------+----------+-----
Spellcasting   | 3 |  3.1
Dodging        | |  2.4
Stealth        | |  1.8

Action                     || total
---------------------------++-------
  Melee: Dagger            ||    15
   Cast: Foxfire           ||    21
         Scorch            ||     8
 Armour: Robe              ||     2
  Dodge: Dodged            ||    17
  Block: Other             ||     1
